 Dungeon Crawl Stone Soup version 0.26.1-11-gd32895ea62 (webtiles) character file.

Game seed: 1422425147921355244

25475 zuma992 the Geomancer (level 12, -12/106 HPs)
             Began as a Deep Dwarf Earth Elementalist on July 21, 2021.
             Was a Priest of Elyvilon.
             Killed from afar by a frost giant (38 damage)
             ... with a bolt of cold
             ... in an ice cave on July 23, 2021.
             The game lasted 05:45:01 (14842 turns).

zuma992 the Geomancer (DDEE)                       Turns: 14842, Time: 05:45:01

Health: -12/106    AC: 18    Str: 14    XL:     12   Next: 89%
Magic:  18/20      EV:  7    Int: 26    God:    Elyvilon [***...]
Gold:   259        SH: 16    Dex: 14    Spells: 27/28 levels left

rFire    + + +     SeeInvis .   F - +6 war axe "Ritt" {venom, rPois rF+ Str-3 Stlth+}
rCold    x . .     Faith    .   a - +2 tower shield "Goaguv" {Regen+}
rNeg     . . .     Spirit   .   j - +0 fire dragon scales
rPois    +         Reflect  .   s - +2 hat
rElec    .         Harm     .   K - +1 cloak
rCorr    .         Rampage  .   (no gloves)
Will     ++...                  M - +2 pair of boots of the Pits of Slime {rPois Str+3 Int+8}
Stlth    +++.......             (no amulet)
HPRegen  0.00/turn              t - ring of willpower
MPRegen  0.17/turn              E - ring of stealth

@: non-regenerating
A: damage resistance, heal wounds, sense surroundings 2, no regeneration
a: Heal Wounds, Renounce Religion, Lesser Healing, Heal Other, Purification,
Divine Protection


You were in an ice cave.
You worshipped Elyvilon.
Elyvilon was most pleased with you.
You visited 3 branches of the dungeon, and saw 14 of its levels.
You also visited: Ice Cave.

You collected 844 gold pieces.
You spent 585 gold pieces at shops.

Inventory:

Hand Weapons
 e - a +4 hunting sling
 F - the +6 war axe "Ritt" (weapon) {venom, rPois rF+ Str-3 Stlth+}
   (You found it on level 9 of the Dungeon)

   It poisons the flesh of those it strikes.
   It affects your strength (-3).
   It protects you from fire.
   It protects you from poison.
   It makes you more stealthy.
 J - a +1 arbalest
Missiles
 b - 47 stones
 o - 21 bolts
 u - 122 sling bullets
Armour
 a - the +2 tower shield "Goaguv" (worn) {Regen+}
   (You found it on level 8 of the Dungeon)

   It increases your rate of regeneration.
 j - +0 fire dragon scales (worn)
 s - a +2 hat (worn)
 I - a +0 robe
 K - a +1 cloak (worn)
 M - the +2 pair of boots of the Pits of Slime (worn) {rPois Str+3 Int+8}
   (You bought it in a shop on level 9 of the Dungeon)

   It affects your strength (+3).
   It affects your intelligence (+8).
   It protects you from poison.
 O - a +2 scale mail of cold resistance
 Q - the +0 ring mail of Dishonesty {+Inv rN+ Str+7 Dex-4}
   (You found it in an ice cave)

   It affects your strength (+7).
   It affects your dexterity (-4).
   It protects you from negative energy.
   It lets you turn invisible.
Jewellery
 p - an uncursed ring of see invisible
 t - a ring of willpower (left hand)
 E - a ring of stealth (right hand)
 H - an uncursed ring of resist corrosion
Wands
 r - a wand of enslavement (7)
 v - a wand of paralysis (4)
 w - a wand of acid (1)
 B - a wand of flame (31)
Scrolls
 d - 3 scrolls of random uselessness
 g - 4 scrolls of teleportation
 h - a scroll of magic mapping
 i - 5 scrolls of remove curse
 n - a scroll of fear {unknown}
 q - 2 scrolls of noise {unknown}
 y - 2 scrolls of vulnerability
 A - 2 scrolls of amnesia {unknown}
Potions
 f - 6 potions of curing
 l - 2 potions of brilliance {unknown}
 m - a potion of flight {unknown}
 x - 4 potions of attraction
 z - 4 potions of mutation
 C - 3 potions of cancellation
 D - a potion of invisibility {unknown}
 G - a potion of might {unknown}
 L - 2 potions of degeneration {unknown}
Miscellaneous
 N - a condenser vane


   Skills:
 + Level 6.6 Fighting
 + Level 9.7 Axes
 + Level 10.0 Slings
 + Level 7.2 Armour
 + Level 5.4 Dodging
 + Level 3.0 Stealth
 + Level 5.7 Shields
 + Level 8.5 Spellcasting
 + Level 0.8 Transmutations
 - Level 10.0 Earth Magic
 + Level 6.1 Invocations
 + Level 3.4 Evocations


You had 27 spell levels left.
You knew the following spells:

 Your Spells              Type           Power        Failure   Level
a - Sandblast             Erth           100%         4%          1

Your spell library contained the following spells:

 Spells                   Type           Power        Failure   Level
 Passwall                 Tmut/Erth      32%          45%         2
 Stone Arrow              Conj/Erth      74%          75%         3
 Lee's Rapid Deconstruct  Erth           29%          80%         5
 Animate Skeleton         Necr           22%          97%         1
 Apportation              Tloc           22%          97%         1
 Corona                   Hex            12%          97%         1
 Magic Dart               Conj           44%          97%         1
 Summon Small Mammal      Summ           44%          97%         1
 Petrify                  Tmut/Erth      39%          97%         4
 Leda's Liquefaction      Hex/Erth       18%          98%         4
 Blink                    Tloc           N/A          99%         2
 Call Imp                 Summ           11%          99%         2
 Slow                     Hex            11%          99%         2
 Conjure Flame            Conj/Fire      11%          100%        3
 Mephitic Cloud           Conj/Pois/Air  11%          100%        3
 Cause Fear               Hex            5%           100%        4
 Summon Mana Viper        Hex/Summ       11%          100%        5
 Eringya's Noxious Bog    Tmut/Pois      6%           100%        6


Dungeon Overview and Level Annotations

Branches:
Dungeon (10/15)            Temple (1/1) D:4            Lair (3/6) D:9
  Swamp (0/4) Lair:3       Spider (0/4) Lair:3          Orc (0/2) D:10
  IceCv (1/1)

Altars:
Ashenzari
Cheibriados
Dithmenos
Elyvilon
Fedhas
Gozag
Nemelex Xobeh
Okawaru
Qazlal
Ru
Trog
Vehumet
Wu Jian
Xom
Yredelemnul
The Shining One

Shops:
D:6 }   D:9 [   D:10 }?:

Annotations:
Lair:1 exclusion: oklob plant


Innate Abilities, Weirdness & Mutations

You are resistant to damage.
You can heal yourself by infusing magical energy.
You passively map the area around you.
You do not regenerate.


Message History

The frost giant is heavily wounded.
The frost giant gestures at you while chanting.
The bolt of cold misses you.
Aiming: Throw Flame
Press: ? - help, Shift-Dir - straight line, f/p - frost giant
Aim: a frost giant, wielding a +2 battleaxe of freezing (heavily wounded, extremely poisoned, 2% to evade)
The puff of flame hits the frost giant.
The frost giant is heavily wounded.
The frost giant casts a spell at you. The bolt of cold hits you!!!
You feel a terrible chill!
* * * LOW HITPOINT WARNING * * *
Aiming: Corrosive Bolt
Press: ? - help, Shift-Dir - straight line, f/p - frost giant
Aim: a frost giant, wielding a +2 battleaxe of freezing (heavily wounded, extremely poisoned, 2% to evade)
The bolt of acid hits the frost giant!
The frost giant is splashed with acid.
The acid corrodes the frost giant!
The frost giant is severely wounded.
The frost giant points at you and mumbles some strange words.
The bolt of cold hits you!!!
You feel a terrible chill!
You die...

*.C# * #h# ≈
##.# ≈≈≈#Y## *
≈ #.## * * ≈
#.Y# , ##h# ,
##C# * ≈###@##
* ≈ ≈* ##.#.# *
** #....# ≈
#≈≈≈≈##.#.## *
≈≈≈≈≈≈#.###.#
#≈#≈≈##.##..# ≈
#≈≈≈≈≈#..#.## #
≈≈#≈≈≈##.##.##
## *
≈≈≈≈≈#≈#≈.##.##


You could see a frost giant (extremely poisoned, corroded), a polar bear and a
yak.

Vanquished Creatures
  A boulder beetle (D:10)
  3 hydras
  Erica (D:8)
  A death yak (IceCv)
  Pikel (D:4)
  Joseph (D:7)
  3 black mambas
  4 cane toads
  4 komodo dragons
  A rime drake (Lair:1)
  11 polar bears (IceCv)
  A wyvern (Lair:3)
  Eustachio (D:6)
  49 yaks
  Grum (D:8)
  Menkaure (D:7)
  4 water moccasins (Lair:1)
  2 ice beasts
  2 black bears
  2 eyes of draining (D:3)
  3 sky beasts
  4 orc warriors
  20 wolves
  6 ogres
  2 centaurs
  5 phantoms
  2 necrophages
  4 lemures (D:4)
  A big kobold (D:7)
  6 bullfrogs
  3 scorpions
  7 killer bees
  8 wights
  2 centaur zombies
  3 howler monkeys (D:9)
  2 bullfrog zombies
  2 quasits
  A centaur skeleton (D:4)
  2 hounds
  4 jellies
  Crazy Yiuf (D:7)
  2 bullfrog skeletons
  2 orc priests
  6 orc wizards
  2 iguanas
  3 worker ants
  A killer bee zombie (D:7)
  A hound skeleton (D:7)
  A howler monkey zombie (D:10)
  2 worker ant zombies
  9 adders
  A gnoll (D:1)
  A howler monkey skeleton (D:7)
  4 shadow imps
  12 white imps
  4 ufetubi
  An ooze (D:1)
  2 adder skeletons
  3 adder zombies
  7 worms
  A dart slug (D:1)
  9 leopard geckos
  40 orcs
  2 ball pythons
  7 bats
  8 giant cockroaches
  9 goblins
  3 hobgoblins (D:2)
  14 jackals
  7 quokkas
  6 frilled lizards
  2 jackal zombies
  12 kobolds
  2 quokka skeletons
  9 rats
377 creatures vanquished.

Vanquished Creatures (collateral kills)
  A worker ant zombie (D:6)
  A leopard gecko (D:6)
  An orc (D:7)
  A frilled lizard (D:6)
4 creatures vanquished.

Vanquished Creatures (others)
  A komodo dragon (Lair:1)
  A polar bear (IceCv)
  2 white imps (Lair:3)
  An orc (D:7)
  7 fungi
  12 plants
24 creatures vanquished.

Grand Total: 405 creatures vanquished

Notes
Turn   | Place    | Note
-------+----------+-------------------------------------------
     0 | D:1      | zuma992 the Deep Dwarf Earth Elementalist began the quest
                  | for the Orb.
     0 | D:1      | Reached XP level 1. HP: 15/15 MP: 3/3
   130 | D:1      | Reached XP level 2. HP: 22/22 MP: 2/4
   521 | D:1      | Reached XP level 3. HP: 15/28 MP: 6/6
   637 | D:1      | Reached skill level 1 in Slings
  1580 | D:2      | Reached XP level 4. HP: 35/36 MP: 4/6
  1716 | D:2      | Reached skill level 5 in Earth Magic
  2240 | D:3      | Noticed an ogre
  2248 | D:3      | Killed an ogre
  2249 | D:3      | Reached skill level 1 in Fighting
  2249 | D:3      | Reached XP level 5. HP: 33/44 MP: 3/7
  2338 | D:3      | Found a stormy altar of Qazlal.
  2695 | D:3      | Found a bloodstained altar of Trog.
  2695 | D:3      | Noticed an eye of draining
  2695 | D:3      | Noticed an eye of draining
  2710 | D:3      | Found a sacrificial altar of Ru.
  2712 | D:3      | Found an opulent altar of Gozag.
  2969 | D:4      | Reached XP level 6. HP: 11/51 MP: 5/9
  3186 | D:4      | Found a staircase to the Ecumenical Temple.
  3195 | Temple   | Entered the Ecumenical Temple
  3215 | Temple   | Became a worshipper of Elyvilon the Healer
  3501 | D:4      | Reached skill level 5 in Slings
  3501 | D:4      | Reached XP level 7. HP: 22/58 MP: 0/9
  3798 | D:4      | Found a shadowy altar of Dithmenos.
  3821 | D:4      | Noticed Pikel
  3841 | D:4      | Killed Pikel
  3842 | D:4      | Reached skill level 1 in Armour
  3842 | D:4      | Reached XP level 8. HP: 63/68 MP: 4/12
  4350 | D:5      | Entered Level 5 of the Dungeon
  4370 | D:5      | Got a warped trident
  4518 | D:5      | Reached skill level 1 in Axes
  5211 | D:6      | Reached * piety under Elyvilon
  5279 | D:6      | Gained mutation: You passively map the area around you.
                  | [Deep Dwarf growth]
  5279 | D:6      | Reached XP level 9. HP: 50/75 MP: 5/14
  5680 | D:6      | Found a sparkling altar of Nemelex Xobeh.
  5842 | D:6      | Found Mittill's Gadget Emporium.
  6085 | D:6      | Noticed Eustachio
  6109 | D:6      | Killed Eustachio
  6110 | D:6      | Reached skill level 5 in Spellcasting
  6571 | D:7      | Reached ** piety under Elyvilon
  7493 | D:7      | Found a blossoming altar of Fedhas.
  7532 | D:7      | Noticed Joseph
  7543 | D:7      | Killed Joseph
  7544 | D:7      | Reached XP level 10. HP: 62/84 MP: 5/15
  7701 | D:7      | Reached skill level 10 in Earth Magic
  7843 | D:7      | Found a glowing golden altar of the Shining One.
  7846 | D:7      | Found a bloodstained altar of Trog.
  7847 | D:7      | Noticed Menkaure
  7848 | D:7      | Killed Menkaure
  7849 | D:7      | Reached skill level 1 in Invocations
  8008 | D:7      | Found a runed translucent door.
  8009 | D:7      | Noticed Crazy Yiuf
  8016 | D:7      | Killed Crazy Yiuf
  8133 | D:8      | Noticed Grum
  8135 | D:8      | Noticed Erica
  8265 | D:8      | You fall into a shaft and drop 1 floor!
  8512 | D:8      | Killed Erica
  8557 | D:8      | Got a dazzling tower shield
  8558 | D:8      | Identified the +2 tower shield "Goaguv" {Regen+} (You found
                  | it on level 8 of the Dungeon)
  8720 | D:8      | Killed Grum
  9580 | D:9      | Got a buzzing war axe
  9581 | D:9      | Identified the +6 war axe "Ritt" {venom, rPois rF+ Str-3
                  | Stlth+} (You found it on level 9 of the Dungeon)
  9720 | D:9      | Reached *** piety under Elyvilon
  9759 | D:9      | Found Putham's Armour Shoppe.
  9960 | D:9      | Found a staircase to the Lair.
 10063 | D:9      | Reached XP level 11. HP: 31/92 MP: 17/19
 10064 | D:9      | Found a snail-covered altar of Cheibriados.
 10204 | D:10     | Entered Level 10 of the Dungeon
 10204 | D:10     | Found Tastresha's Gadget Shop.
 10233 | D:10     | Reached skill level 1 in Shields
 10302 | D:10     | Found a staircase to the Orcish Mines.
 10316 | D:10     | Reached skill level 5 in Axes
 10336 | D:10     | Found Hykid's Magic Scroll Shop.
 10417 | D:10     | Found Likochit's Book Emporium.
 10493 | D:10     | Noticed a boulder beetle
 10514 | D:10     | Killed a boulder beetle
 10676 | D:9      | Bought the +2 pair of boots of the Pits of Slime {rPois
                  | Str+3 Int+8} for 585 gold pieces
 10774 | Lair:1   | Entered Level 1 of the Lair of Beasts
 10814 | Lair:1   | Reached skill level 5 in Armour
 11107 | Lair:1   | Reached **** piety under Elyvilon
 11117 | Lair:1   | Noticed an oklob plant
 11212 | Lair:1   | Noticed a seven-headed hydra
 11218 | Lair:1   | Pacified a seven-headed hydra
 12141 | Lair:2   | Noticed a six-headed hydra
 12230 | Lair:1   | Killed a seven-headed hydra
 12231 | Lair:1   | Reached skill level 5 in Fighting
 13207 | Lair:2   | Noticed a six-headed hydra
 13236 | Lair:2   | Killed a six-headed hydra
 13360 | Lair:2   | Reached XP level 12. HP: 97/103 MP: 15/20
 13378 | Lair:2   | Reached skill level 5 in Invocations
 13659 | Lair:2   | Noticed a five-headed hydra
 13759 | Lair:2   | Killed a five-headed hydra
 13934 | Lair:2   | Identified the Guide on Enchanting Contamination
 14101 | Lair:3   | Found a frozen archway.
 14170 | Lair:3   | Reached skill level 5 in Dodging
 14209 | IceCv    | Entered an ice cave
 14233 | IceCv    | Reached skill level 10 in Slings
 14552 | IceCv    | Reached skill level 5 in Shields
 14615 | IceCv    | Got a faintly humming ring mail
 14632 | IceCv    | Identified the cursed +0 ring mail of Dishonesty {+Inv rN+
                  | Str+7 Dex-4} (You found it in an ice cave)
 14788 | IceCv    | Noticed a frost giant
 14788 | IceCv    | Noticed a death yak
 14831 | IceCv    | Killed a death yak
 14842 | IceCv    | Killed from afar by a frost giant

Illustrated notes

Levels and vault maps discovered:
D:1:      dpeg_arrival_three_same_balls, layout_basic
D:2:      layout_basic
D:3:      layout_loops_cross, nicolae_overflow_hidden_temple, hex_large,
          trog_eyes_of_draining
D:4:      layout_rooms, grunt_dithmenos_smoke, lemuel_temple_firewalk_a,
          uniq_pikel
D:5:      layout_gridville, chequers_serial_rivers_marsh,
          kennysheep_generic_room_4
D:6:      layout_basic, nemelex_altar_shiori, serial_shops, shop, minmay_holes,
          minmay_lizard_king, uniq_eustachio
D:7:      layout_basic, chequers_temple_overflow_statue_of_worship,
          uniq_menkaure, uniq_joseph, uniq_crazy_yiuf_cottage
D:8:      layout_basic, uniq_erica, uniq_grum
D:9:      layout_roguey, lemuel_crystal_altar, lair_entry_dummy, serial_shops,
          nicolae_shop_waterfront
D:10:     layout_basic, orc_0_dummy, serial_shops, nicolae_shop_trees,
          nicolae_shop_temple_entry_statues_fountains, shop,
          nzn_sisyphean_effort, uniq_nergalle
Temple:   oiseaux_autumnal_temple
Lair:1:   layout_regular_city, grunt_megastairs_3, minmay_lair_oklob_chamber
Lair:2:   layout_misc_corridors, chequers_serial_rivers_micro_d
Lair:3:   layout_cellular_growth, palyth_hydra_swamp_entry,
          spider_nest_entry_funnel_web, portal_ice_cave_entry_imps,
          lemuel_fruit_tree, infiniplex_staircase_pool
IceCv:    ice_cave_caverns_03

Skill      XL: |  1  2  3  4  5  6  7  8  9 10 11 12 |
---------------+-------------------------------------+-----
Spellcasting   | 2 3 4 6 8 |  8.5
Slings         | 1 3 4 5 7 9 10 | 10.0
Dodging        | 3 4 5 |  5.4
Earth Magic    | 5 6 7 9 10 | 10.0
Fighting       | 1 2 3 4 5 6 |  6.6
Armour         | 1 2 3 4 6 7 |  7.2
Evocations     | 2 3 |  3.4
Axes           | 1 3 4 7 9 |  9.7
Invocations    | 3 4 6 |  6.1
Shields        | 3 5 |  5.7
Stealth        | 3 |  3.0
Transmutations | |  0.8

Action                   |  1- 3 |  4- 6 |  7- 9 | 10-12 || total
-------------------------+-------+-------+-------+-------++-------
Melee: Hand axe          |       |     4 |       |       ||     4
       War axe           |       |       |   110 |   388 ||   498
       Hunting sling     |       |       |     1 |     4 ||     5
 Fire: Hunting sling     |    77 |   179 |   145 |   269 ||   670
 Cast: Sandblast         |    28 |    49 |   131 |   132 ||   340
Invok: Lesser Healing    |       |       |     3 |   149 ||   152
       Divine Protection |       |       |       |     1 ||     1
       Heal Other        |       |       |       |     2 ||     2
 Abil: Heal Wounds       |     1 |     5 |     8 |     3 ||    17
Evoke: Wand              |       |       |    28 |    27 ||    55
  Use: Scroll            |     2 |     6 |    12 |    18 ||    38
       Potion            |       |       |     1 |     5 ||     6
Armor: Robe              |    15 |    18 |     2 |       ||    35
       Fire dragon scale |       |       |    95 |   347 ||   442
Dodge: Dodged            |    69 |    87 |   125 |   198 ||   479
Block: Tower shield      |       |       |       |   479 ||   479
